 Dungeon Crawl Stone Soup version 0.17.0-22-g5edae84 (webtiles) character file.

2622 ketsa the Thaumaturge (level 9, 0/45 HPs)
             Began as a Deep Elf Conjurer on Nov 12, 2015.
             Was a Follower of Vehumet.
             Slain by an orc warrior
             ... wielding a +0 short sword
              (17 damage)
             ... on level 8 of the Dungeon.
             The game lasted 00:30:14 (9420 turns).

ketsa the Thaumaturge (Deep Elf Conjurer)           Turns: 9420, Time: 00:30:14

Health: 0/45       AC:  4    Str:  5    XL:     9   Next: 34%
Magic:  4/26       EV: 15    Int: 24    God:    Vehumet [*.....]
Gold:   454        SH:  0    Dex: 15    Spells: 4 memorised, 20 levels left

rFire  + + .     SeeInvis .     w - +0 quarterstaff
rCold  . . .     Clarity  .     J - +0 robe "Doigod" {rF+ rC+}
rNeg   . . .     SustAt   .     (shield currently unavailable)
rPois  .         Gourm    .     (no helmet)
rElec  .         Spirit   .     (no cloak)
rCorr  .         Warding  .     (no gloves)
rMut   .         Stasis   .     y - +1 pair of boots
MR     .....                    (no amulet)
Stlth  ++........               s - ring of fire
                                (no ring)

@: drained, not resistant to hostile enchantments, unstealthy
A: no striking features
a: Renounce Religion


You were on level 8 of the Dungeon.
You worshipped Vehumet.
Vehumet was aware of your devotion.
You were not hungry.

You visited 2 branches of the dungeon, and saw 9 of its levels.
You also visited: Sewer.

You collected 454 gold pieces.

Inventory:

Hand Weapons
 t - a +0 short sword
 w - a +0 quarterstaff (weapon)
Armour
 y - a +1 pair of boots (worn)
 D - a +0 robe
 G - a +0 robe
 J - the +0 robe "Doigod" (worn) {rF+ rC+}
   (You found it on level 8 of the Dungeon)

   It protects you from fire.
   It protects you from cold.
Jewellery
 e - an uncursed ring of protection from cold
 s - a ring of fire (right hand)
Wands
 a - a wand of cold (8)
 B - a wand of magic darts (15)
 C - a wand of paralysis (6)
Scrolls
 f - 3 scrolls of enchant armour
 g - 5 scrolls of teleportation
 h - 3 scrolls of remove curse
 k - 4 scrolls of recharging
 n - 8 scrolls of identify
 p - 8 scrolls of magic mapping
 q - a scroll of immolation {unknown}
 r - 2 scrolls of enchant weapon {unknown}
 u - a scroll of fog {unknown}
 z - a scroll of amnesia
 A - a scroll of noise
 E - 3 scrolls of random uselessness {unknown}
 F - a scroll of fear {unknown}
Potions
 d - a potion of flight {unknown}
 i - 5 potions of heal wounds {unknown}
 j - 4 potions of haste
 o - 4 potions of curing
 v - a potion of might {unknown}
 x - a potion of berserk rage {unknown}
 H - a potion of resistance {unknown}
 I - a potion of poison {unknown}
Books
 b - a book of Conjurations

   Spells                             Type                      Level
   a - Magic Dart                     Conjuration                  1
   b - Searing Ray                    Conjuration                  2
   c - Dazzling Spray                 Conjuration/Hexes            3
   d - Fulminant Prism                Conjuration/Hexes            4
   e - Iskenderun's Mystic Blast      Conjuration                  4
   f - Iskenderun's Battlesphere      Conjuration/Charms           5
Comestibles
 c - 5 bread rations
 l - a beef jerky
 m - 5 meat rations


   Skills:
 + Level 6.0(5.7) Dodging
 - Level 2.7(2.4) Stealth
 + Level 11.1(10.6) Spellcasting
 + Level 10.2(9.8) Conjurations


You had 20 spell levels left.
You knew the following spells:

 Your Spells              Type           Power        Failure   Level  Hunger
a - Magic Dart            Conj           ####         1%          1    None
b - Searing Ray           Conj           ######       1%          2    None
c - Dazzling Spray        Conj/Hex       #####...     1%          3    None
d - Iskenderun's Mystic   Conj           ######..     1%          4    None


Dungeon Overview and Level Annotations

Branches:
Dungeon (8/15)             Temple (1/1) D:5
   Lair: D:8-11

Altars:
Ashenzari
Cheibriados
Dithmenos
Elyvilon
Fedhas
Gozag
Kikubaaqudgha
Makhleb
Nemelex Xobeh
Okawaru
Qazlal
Ru
Sif Muna
Trog
Vehumet
Xom
Yredelemnul
Zin
The Shining One


Message History

The orb of energy explodes!
You hear a shout!
The orc warrior hits you with a short sword.
* * * LOW HITPOINT WARNING * * *
Casting: Iskenderun's Mystic Blast
Confirm with . or Enter, or press ? or * to list all spells.
Aiming: Iskenderun's Mystic Blast
Press: ? - help, Shift-Dir - straight line, f/p - orc warrior
Aim: an orc warrior, wielding a short sword and wearing a chain mail (heavily wounded)
The orb of energy hits the orc warrior.
The orc warrior is almost dead.
The orc warrior misses you.
Drink which item? (? for menu, Esc to quit)
You feel better.
The orc warrior hits you with a short sword!
* * * LOW HITPOINT WARNING * * *
Drink which item? (? for menu, Esc to quit)
You feel better.
The orc warrior hits you with a short sword!
You die...

## ... #...
.....####
...o....# #.#
#.#
#o#########..
#...o@.......
###########!#


You could see an orc warrior and an orc.

Vanquished Creatures
  A hippogriff (D:7)
  A hungry ghost (D:7)
  A sky beast (D:5)
  A wasp (D:8)
  A black bear (D:6)
  4 ogres
  A centaur (D:5)
  4 giant frogs
  3 scorpions
  4 wights
  4 crimson imps
  4 hounds
  A giant frog skeleton (D:7)
  A giant frog zombie (D:5)
  A wasp zombie (D:7)
  An orc priest (D:5)
  2 iguanas (D:7)
  A jelly (D:5)
  2 orc wizards
  6 worker ants
  A worker ant zombie (D:5)
  7 gnolls
  17 adders
  5 river rats
  2 oozes
  An adder skeleton (D:7)
  2 worms
  4 giant geckos
  11 orcs
  16 ball pythons
  8 hobgoblins
  5 jackals
  6 kobolds
  4 quokkas
  10 bats
  7 giant cockroaches
  A giant gecko skeleton (D:4)
  A giant gecko zombie (D:5)
  18 giant newts
  6 goblins
  36 rats
212 creatures vanquished.

Notes
Turn   | Place    | Note
--------------------------------------------------------------
     0 | D:1      | ketsa the Deep Elf Conjurer began the quest for the Orb.
     0 | D:1      | Reached XP level 1. HP: 10/10 MP: 6/6
   184 | D:1      | Reached XP level 2. HP: 15/15 MP: 4/8
   188 | D:1      | Learned a level 2 spell: Searing Ray
   720 | D:1      | Reached XP level 3. HP: 19/19 MP: 5/10
   725 | D:1      | Learned a level 3 spell: Dazzling Spray
  1138 | D:2      | Reached skill level 5 in Conjurations
  1315 | D:2      | Reached XP level 4. HP: 24/24 MP: 9/12
  1557 | D:2      | Found a sacrificial altar of Ru.
  2037 | D:3      | Found a glowing drain.
  2123 | Sewer    | Entered a sewer
  2323 | Sewer    | Reached XP level 5. HP: 28/28 MP: 12/14
  2356 | Sewer    | Reached skill level 5 in Spellcasting
  2722 | Sewer    | Reached skill level 6 in Conjurations
  3193 | Sewer    | Noticed a giant frog
  3198 | Sewer    | Killed a giant frog
  3198 | Sewer    | Reached XP level 6. HP: 19/32 MP: 10/17
  3348 | Sewer    | Noticed a giant frog
  3354 | Sewer    | Killed a giant frog
  3492 | D:3      | Reached skill level 7 in Conjurations
  3924 | D:3      | Found a glowing golden altar of the Shining One.
  3995 | D:3      | Found a snail-covered altar of Cheibriados.
  3995 | D:3      | Found a white marble altar of Elyvilon.
  3995 | D:3      | Found a shimmering altar of Xom.
  4549 | D:4      | Reached XP level 7. HP: 24/36 MP: 12/19
  4986 | D:5      | Entered Level 5 of the Dungeon
  5171 | D:5      | Reached skill level 8 in Spellcasting
  5391 | D:5      | Found a snail-covered altar of Cheibriados.
  5423 | D:5      | Found a staircase to the Ecumenical Temple.
  5437 | Temple   | Entered the Ecumenical Temple
  5488 | Temple   | Became a worshipper of Vehumet
  5681 | Temple   | Learned a level 4 spell: Iskenderun's Mystic Blast
  6180 | D:5      | Found a glowing golden altar of the Shining One.
  6185 | D:5      | Reached XP level 8. HP: 41/41 MP: 15/22
  6301 | D:5      | Reached skill level 9 in Spellcasting
  7292 | D:6      | Reached skill level 10 in Spellcasting
  7424 | D:6      | Reached * piety under Vehumet
  7424 | D:6      | Offered knowledge of Shock by Vehumet.
  7716 | D:6      | Found a burning altar of Makhleb.
  7933 | D:7      | Reached skill level 5 in Dodging
  7976 | D:7      | Reached XP level 9. HP: 45/45 MP: 19/25
  8699 | D:7      | Reached skill level 10 in Conjurations
  9278 | D:8      | Got a colourful robe
  9296 | D:8      | Identified the +0 robe "Doigod" {rF+ rC+} (You found it on level 8 of the Dungeon)
  9299 | D:8      | Paralysed by a wasp for 2 turns
  9301 | D:8      | Reached skill level 11 in Spellcasting
  9420 | D:8      | Slain by an orc warrior

Action                   |  1- 3 |  4- 6 |  7- 9 || total
-------------------------+-------+-------+-------++-------
 Cast: Magic Dart        |    50 |   160 |   142 ||   352
       Searing Ray       |     8 |    25 |    41 ||    74
       Iskenderun's Myst |       |       |    17 ||    17
  Use: Scroll            |       |     7 |     5 ||    12
       Potion            |       |       |     3 ||     3
  Eat: Chunk             |     1 |    10 |    11 ||    22
       Beef jerky        |       |       |     3 ||     3
